 Dungeon Crawl Stone Soup version 0.18.1-48-g4cf74bf (webtiles) character file.

590 RickumRackum the Skirmisher (level 7, -18/63 HPs)
             Began as a Minotaur Chaos Knight on Aug 24, 2016.
             Demolished by an ogre
             ... wielding a +0 giant spiked club
              (22 damage)
             ... on level 5 of the Dungeon.
             The game lasted 00:28:39 (3860 turns).

RickumRackum the Skirmisher (Minotaur Chaos Knight) Turns: 3860, Time: 00:28:40

Health: -18/63     AC:  7    Str: 18 (19) XL:     7   Next: 16%
Magic:  15/15      EV: 11    Int:  8 (9)  God:    Xom [....*.]
Gold:   170        SH:  5    Dex:  7 (9)  Spells: 0 memorised, 6 levels left

rFire  . . .     SeeInvis .     a - +1 mace (chaos)
rCold  . . .     Gourm    .     b - +2 leather armour
rNeg   . . .     Faith    .     j - +0 buckler
rPois  .         Spirit   .     (helmet restricted)
rElec  .         Dismiss  .     (no cloak)
rCorr  .         Reflect  +     (no gloves)
SustAt .         Harm     .     B - +1 pair of boots
MR     .....                    k - +2 amulet of reflection
Stlth  +.........               (no ring)
                                e - ring of magical power

@: not resistant to hostile enchantments, very unstealthy
A: retaliatory headbutt, horns 2, talons 1
a: Renounce Religion


You were on level 5 of the Dungeon.
You worshipped Xom.
You were a beloved toy of Xom.
You were not hungry.

You visited 1 branch of the dungeon, and saw 6 of its levels.

You collected 170 gold pieces.

Inventory:

Hand Weapons
 a - a +1 mace of chaos (weapon)
Missiles
 o - 70 stones (quivered)
Armour
 b - a +2 leather armour (worn)
 j - a +0 buckler (worn)
 B - a +1 pair of boots (worn)
Jewellery
 e - a ring of magical power (left hand)
 k - a +2 amulet of reflection (around neck)
Wands
 m - a wand of paralysis (8/24)
Scrolls
 s - a scroll of remove curse
 u - 2 scrolls of identify
Potions
 i - a potion of invisibility
 n - 2 potions of curing
 x - a potion of degeneration
Comestibles
 c - 4 bread rations
 d - 2 chunks of flesh
 f - a fruit
 g - 2 meat rations
 q - a beef jerky


   Skills:
 * Level 6.1 Fighting
 * Level 6.1 Maces & Flails
 + Level 4.2 Armour
 + Level 3.2 Dodging
 + Level 2.7 Shields


You had 6 spell levels left.
You didn't know any spells.

Dungeon Overview and Level Annotations

Branches:
Dungeon (6/15)             Temple (0/1) D:4

Altars:
Dithmenos
Gozag
Sif Muna
Yredelemnul


Innate Abilities, Weirdness & Mutations

You reflexively headbutt those who attack you in melee.
You have a pair of horns on your head.
You have sharp toenails.


Message History

"Forecast: mostly cloudy."
The ogre hits you with a giant spiked club!!
You die... "Leave my teddy bear alone!"
Xom revives you!
The ogre rages.
The ogre hits you but does no damage.
There is a stone staircase leading down here.
You block the ogre's attack.
You climb downwards.
There is a stone staircase leading up here.
The ogre hits you with a giant spiked club!
* * * LOW HITPOINT WARNING * * *
You climb upwards.
There is a stone staircase leading down here.
You hit the ogre.
The ogre is poisoned.
The ogre is moderately wounded.
The ogre hits you with a giant spiked club!!
You die...
Xom cackles wildly!

#..≈...≈≈≈ #.≈≈≈...≈≈
≈.. ###.≈≈....≈ ≈..
......... ≈$..
####...######..#
####.##§............#
.......§##........######
.###.#####..8.8....)...#
# ####...@O...###
.......8.8...###
#####....÷.....#
#........#.#
######..###.#.#.#
#........##......
..8####......####.#.##
...##........# .#.#
..._#.#..<...# # .


You could see an ogre (berserk).

Vanquished Creatures
  An ice beast (D:5)
  A crocodile (D:5)
  A scorpion (D:4)
  A centaur skeleton (D:4)
  A worker ant (D:4)
  Natasha (twice) (D:2)
  3 adders
  A shadow imp (D:4)
  2 oozes
  A worm (D:2)
  3 dart slugs
  5 giant geckos
  3 ball pythons (D:3)
  7 giant cockroaches
  5 goblins
  16 hobgoblins
  3 jackals (D:1)
  2 quokkas
  7 bats
  A giant newt (D:1)
  3 kobolds
  5 rats
74 creatures vanquished.

Vanquished Creatures (collateral kills)
  A centaur skeleton (D:3)
  Ijyb (D:2)
  A goblin (D:2)
3 creatures vanquished.

Vanquished Creatures (others)
  A naga (D:5)
1 creature vanquished.

Grand Total: 78 creatures vanquished

Notes
Turn   | Place    | Note
--------------------------------------------------------------
     0 | D:1      | RickumRackum the Minotaur Chaos Knight began the quest for the Orb.
     0 | D:1      | Reached XP level 1. HP: 19/19 MP: 0/0
     7 | D:1      | XOM: harmless Ice miscast
    13 | D:1      | XOM: harmless Hex miscast
    73 | D:1      | Reached XP level 2. HP: 27/27 MP: 1/1
   250 | D:1      | XOM: noise
   286 | D:1      | Reached XP level 3. HP: 34/34 MP: 2/2
   989 | D:2      | Found a basalt altar of Yredelemnul.
  1002 | D:2      | Noticed Natasha
  1004 | D:2      | XOM: confusion (+ monsters)
  1017 | D:2      | Killed Natasha
  1017 | D:2      | Reached XP level 4. HP: 41/41 MP: 3/3
  1241 | D:2      | Noticed Ijyb
  1247 | D:2      | Paralysed by Ijyb for 4 turns
  1251 | D:2      | Killed Ijyb
  1500 | D:2      | Noticed Natasha
  1507 | D:2      | Killed Natasha
  1507 | D:2      | Reached skill level 5 in Fighting
  1507 | D:2      | Reached skill level 1 in Shields
  1507 | D:2      | Reached XP level 5. HP: 40/48 MP: 4/4
  1636 | D:2      | XOM: mild Ice miscast
  1646 | D:3      | XOM: stealth player
  1678 | D:3      | XOM: summons 4 friendly demons
  1845 | D:3      | Reached skill level 5 in Maces & Flails
  2233 | D:3      | XOM: harmless Erth miscast
  2547 | D:4      | Found a staircase to the Ecumenical Temple.
  2556 | D:4      | Found an opulent altar of Gozag.
  2596 | D:4      | XOM: 5-stop teleportation journey
  2605 | D:4      | Found a shadowy altar of Dithmenos.
  3186 | D:4      | Gained mutation: You have sharp toenails. [potion of beneficial mutation]
  3271 | D:5      | Entered Level 5 of the Dungeon
  3273 | D:5      | Found a deep blue altar of Sif Muna.
  3282 | D:5      | Noticed a sky beast
  3297 | D:5      | Noticed a naga
  3578 | D:4      | Reached XP level 6. HP: 55/56 MP: 5/5
  3596 | D:5      | Banished a naga
  3746 | D:5      | Noticed an ice beast
  3750 | D:5      | XOM: swap monsters
  3753 | D:5      | XOM: confuse monster(s)
  3766 | D:5      | Killed an ice beast
  3766 | D:5      | Reached XP level 7. HP: 63/63 MP: 6/6
  3851 | D:5      | XOM: fog
  3851 | D:5      | Xom revived you
  3860 | D:5      | Demolished by an ogre

Skill      XL: |  1  2  3  4  5  6 |
---------------+-------------------+-----
Fighting       | 4 5 6 |  6.1
Maces & Flails | 4 5 6 |  6.1
Armour         | 3 4 |  4.2
Dodging        | 2 3 |  3.2
Shields        | 1 2 |  2.7

Action                   |  1- 3 |  4- 6 |  7- 9 || total
-------------------------+-------+-------+-------++-------
Melee: Mace              |    74 |   127 |    12 ||   213
       Headbutt          |     8 |    12 |     1 ||    21
Throw: Stone             |       |     1 |       ||     1
  Use: Potion            |     3 |    10 |       ||    13
       Scroll            |     1 |     5 |       ||     6
 Stab: Confused          |     1 |     1 |       ||     2
       Sleeping          |       |     1 |       ||     1
  Eat: Chunk             |     1 |     7 |       ||     8
       Bread ration      |       |     1 |       ||     1
Armor: Leather armour    |    27 |    32 |       ||    59
Dodge: Dodged            |    50 |    50 |     3 ||   103
Block: Buckler           |       |    11 |     3 ||    14
       Other             |       |     1 |       ||     1
